 Dungeon Crawl Stone Soup version 0.20-a0-972-gb9bd3e6 (webtiles) character file.

43 Rrauwl the Grave Robber (level 3, 0/20 HPs)
             Began as a Deep Elf Necromancer on Apr 9, 2017.
             Succumbed to an adder's poison
             ... on level 2 of the Dungeon.
             The game lasted 00:06:24 (1590 turns).

Rrauwl the Grave Robber (Deep Elf Necromancer)      Turns: 1590, Time: 00:06:24

Health: 0/20       AC: 12    Str:  5 (6)  XL:     3   Next: 37%
Magic:  9/9        EV:  5    Int: 17 (19) God:
Gold:   127        SH:  0    Dex: 12 (15) Spells: 7/8 levels left

rFire    . . .     SeeInvis .   j - +1 dagger (venom)
rCold    + . .     Gourm    .   (no shield)
rNeg     + . .     Faith    .   l - +0 pearl dragon scales
rPois    .         Spirit   .   (no helmet)
rElec    .         Reflect  .   k - +0 cloak
rCorr    .         Harm     .   (no gloves)
MR       .....                  d - +0 pair of boots
Stlth    ..........             (no amulet)
Regen    0.1/turn               i - ring of protection from cold
MPRegen  0.2/turn               (no ring)

@: lethally poisoned (0 -> -9)
A: no striking features
a: no special abilities


You were on level 2 of the Dungeon.
You were not hungry.

You visited 1 branch of the dungeon, and saw 2 of its levels.

You collected 127 gold pieces.

Inventory:

Hand Weapons
 j - a +1 dagger of venom (weapon)
Missiles
 g - 33 arrows
Armour
 a - a +0 robe
 d - a +0 pair of boots (worn)
 k - a +0 cloak (worn)
 l - +0 pearl dragon scales (worn)
Jewellery
 i - a ring of protection from cold (left hand)
Scrolls
 e - 3 scrolls of remove curse
Books
 b - a book of Necromancy

   Spells                             Type                      Level
   a - Pain                           Necromancy                   1
   b - Animate Skeleton               Necromancy                   1
   c - Vampiric Draining              Necromancy                   3
   d - Regeneration                   Charms/Necromancy            3
   e - Animate Dead                   Necromancy                   4
   f - Control Undead                 Necromancy                   4
Comestibles
 c - a bread ration
 f - 5 chunks of flesh
 h - 4 fruits


   Skills:
 + Level 1.3 Fighting
 + Level 0.8 Armour
 + Level 2.9 Dodging
 + Level 2.9 Stealth
 - Level 3.0 Spellcasting
 - Level 5.0 Necromancy


You had 7 spell levels left.
You knew the following spells:

 Your Spells              Type           Power        Failure   Level  Hunger
a - Pain                  Necr           ###.         92%         1    None


Dungeon Overview and Level Annotations

Branches:
Dungeon (2/15)

Altars:
Hepliaklqana
Yredelemnul


Message History

* * * LOW HITPOINT WARNING * * *
You miss the adder.
The adder is lightly wounded.
The adder bites you.
* * * LOW HITPOINT WARNING * * *
You are lethally poisoned!
The adder poisons you!
You aren't carrying any potions.
You hit the adder but do no damage.
The adder is poisoned.
The adder is lightly wounded.
* * * LOW HITPOINT WARNING * * *
You feel sick. The adder closely misses you.
The adder bites you but does no damage.
You closely miss the adder.
The adder is lightly wounded.
The adder bites you.
* * * LOW HITPOINT WARNING * * *
You miss the adder.
The adder is lightly wounded.
You die...

#.# #.......... #.#
#.#####...#
#.########.## ##..#
##...........# #..#
#..####.####..####..#
#..##.....##.........
#..#...)...#.##..##.#
#..#.......#.##......
##..@S._.....##...[..
#.#.......#.........
#..#.......#..#......
#..##.....##. ##...#)
...# ##.#### #..###
###.. ... #...#. ###
.## #..#.# .# ##..#.
#####...


You could see an adder.

Vanquished Creatures
  An adder (D:2)
  2 worms (D:2)
  3 dart slugs (D:2)
  A leopard gecko (D:2)
  A giant cockroach (D:1)
  4 goblins
  2 hobgoblins (D:1)
  2 kobolds
  A bat (D:1)
  A frilled lizard (D:2)
  5 rats
23 creatures vanquished.

Notes
Turn   | Place    | Note
-------+----------+-------------------------------------------
     0 | D:1      | Rrauwl the Deep Elf Necromancer began the quest for the Orb.
     0 | D:1      | Reached XP level 1. HP: 10/10 MP: 6/6
   482 | D:1      | Reached skill level 5 in Necromancy
   775 | D:1      | Reached XP level 2. HP: 13/15 MP: 6/8
  1208 | D:2      | Reached skill level 1 in Fighting
  1429 | D:2      | Reached XP level 3. HP: 20/20 MP: 9/9
  1471 | D:2      | Found a hazy altar of Hepliaklqana.
  1578 | D:2      | Found a basalt altar of Yredelemnul.
  1589 | D:2      | HP: 1/20 [adder (1)]
  1590 | D:2      | Succumbed to an adder's poison

Vault maps used:
D:1:      dpeg_arrival_court
D:2:      marbit_many_paths, nicolae_overflow_crystal_walls, old_standard_altar

Skill      XL: |  1  2 |
---------------+-------+-----
Necromancy     | 5 |  5.0
Fighting       | 1 |  1.3
Armour         | |  0.8
Dodging        | |  2.9
Stealth        | |  2.9
Spellcasting   | |  3.0

Action                   || total
-------------------------++-------
Melee: Dagger            ||    61
 Cast: Pain              ||    13
  Use: Scroll            ||     4
       Potion            ||     3
 Stab: Sleeping          ||     2
  Eat: Chunk             ||     2
Armor: Robe              ||     4
       Pearl dragon scal ||     6
Dodge: Dodged            ||    30
